 Dungeon Crawl Stone Soup version 0.31-a0-983-g7b6862f502 (webtiles) character file.

Game seed: 4224602974579562629

7 Xavori the Trooper (level 2, -1/25 HPs)
             Began as a Djinni Chaos Knight on Nov 2, 2023.
             Was a Plaything of Xom.
             Slain by a hobgoblin
             ... wielding a +2 spear of venom
              (6 damage)
             ... on level 1 of the Dungeon.
             The game lasted 00:00:13 (132 turns).

Xavori the Trooper (Djinni Chaos Knight)             Turns: 132, Time: 00:00:13

Health: -1/25      AC:  5    Str: 11    XL:     2   Next: 10%
Gold:   14         EV: 11    Int: 13    God:    Xom [..*...] SH:  0 Dex: 12

rFire   + + .        a - +0 falchion (chaos)
rCold   x . .        (no shield)
rNeg    . . .        b - +2 leather armour
rPois   ∞            (no helmet)
rElec   .            (no cloak)
rCorr   .            (no gloves)
SInv    .            (boots unavailable)
Will    .....        (no amulet)
Stlth   +            (no ring)
HPRegen 0.24/turn    (no ring)
MPRegen 0.00/turn

%: infuse magic (-2 HP)
@: flying
A: sickness immunity, fire resistance 2, cold vulnerability 1, float, innate
caster, HP casting, extra vitality 1
a: Renounce Religion


You were on level 1 of the Dungeon.
You worshipped Xom.
You were a toy of Xom.
You visited 1 branch of the dungeon, and saw 2 of its levels.

You collected 14 gold pieces.

Inventory:

Hand Weapons
 a - a +0 falchion of chaos (weapon)
Armour
 b - a +2 leather armour (worn)
Scrolls
 c - a scroll of butterflies
 e - a scroll of vulnerability {unknown}
Potions
 d - a potion of resistance {unknown}


   Skills:
 + Level 3.0 Fighting
 + Level 2.7 Long Blades
 + Level 1.1 Armour
 + Level 2.3 Dodging
 * Level 0.2 Spellcasting
 * Level 0.2 Conjurations
 * Level 0.2 Hexes
   Level 0.0 Charms
 * Level 0.2 Summonings
 * Level 0.2 Necromancy
 * Level 0.2 Translocations
 * Level 0.2 Transmutations
 * Level 0.2 Fire Magic
 * Level 0.2 Ice Magic
 * Level 0.2 Air Magic
 * Level 0.2 Earth Magic
 * Level 0.2 Poison Magic You didn't know any spells. Your spell library was empty.

Dungeon Overview and Level Annotations

Branches:
Dungeon (2/15)

Altars:


Innate Abilities, Weirdness & Mutations

You are immune to sickness and miasma.
You are immune to poison.
Your flesh is very heat resistant. (rF++)
You are vulnerable to cold. (rC-)
You float through the air rather than walking.
You learn spells naturally, not from books.
Your magical power is your life essence.
You have superior vitality. (+4 MHP)


Message History

The frilled lizard barely misses you.
Unknown command.
You barely miss the frilled lizard. The rat bites you.
The hobgoblin completely misses you. The frilled lizard barely misses you.
Unknown command.
You hit the frilled lizard.
Lightning courses through the frilled lizard!
You kill the frilled lizard!
The hobgoblin closely misses you. The rat barely misses you.
Unknown command.
You barely miss the rat.
The hobgoblin hits you but does no damage.
The rat barely misses you.
The hobgoblin hits you from afar with a +2 spear of venom.
The rat bites you.
Unknown command.
You barely miss the rat.
The hobgoblin hits you from afar with a +2 spear of venom.
The rat bites you but does no damage.
Unknown command.
You are too injured to fight recklessly!
Unknown command.
You are too injured to fight recklessly!
You are too injured to fight recklessly!
You hit the rat. You burn the rat.
You kill the rat!
The hobgoblin hits you from afar with a +2 spear of venom.
The hobgoblin hits you with a +2 spear of venom.
You hit the hobgoblin.
The hobgoblin is severely wounded.
The hobgoblin misses you.
You barely miss the hobgoblin.
The hobgoblin is severely wounded.
The hobgoblin hits you with a +2 spear of venom.
* * * LOW HITPOINT WARNING * * *
You closely miss the hobgoblin.
The hobgoblin is heavily wounded.
The hobgoblin hits you with a +2 spear of venom.
You die...
Xom yawns loudly!

.. ..# ......... #..
... .......##### #..
... ...#.... ..#.#.#
... #.....###.#.#.#
#.# #.....#....
#.##..# #.....#.#.#
#..g.#
#.....#.#.###.@#
#..)..#....$...# .
#.#.....#.###..†...#
#.#>#.#.#.# #......#
#.#.#.#.#.# #......#
#. #.#.#.#.#.#
#......# #.
#.#.#.#.#.# #......#
# ...#.#.
#.#.#.#.#.#
#........ . ..#.#.
#.#.#.#.#.#
#.#.####.###.#.#.#.


You could see a hobgoblin.

Vanquished Creatures
  An endoplasm (D:1)
  2 jackals (D:1)
  A kobold (D:1)
  2 frilled lizards (D:1)
  A rat (D:1)
7 creatures vanquished.

Notes
Turn   | Place    | Note
-------+----------+-------------------------------------------
     0 | D:1      | Xavori the Djinni Chaos Knight began the quest for the Orb.
     0 | D:1      | Reached XP level 1. HP: 20/20 MP: 0/0
    20 | D:1      | You are sucked into a shaft and drop 1 floor!
   123 | D:1      | Reached XP level 2. HP: 24/25 MP: 0/0
   132 | D:1      | Slain by a hobgoblin

Illustrated notes

Levels and vault maps discovered:
D:1:      dpeg_arrival_windows_large_door, layout_basic
D:2:      layout_loops_ring

Action                     || total
---------------------------++-------
  Melee: Falchion          ||    29
         Punch             ||     1
 Armour: Leather armour    ||    22
  Dodge: Dodged            ||    20

Table legend: (Time is in decaauts)
 A = Elapsed time spent in this place.
 B = Non-inter-level travel time spent in this place.
 C = Inter-level travel time spent in this place.
 D = Time resting spent in this place.
 E = Time spent auto-exploring this place.
 F = Levels seen in this place.
 G = Mean time per level.
                   A        B        C        D        E       F      G
               +--------+--------+--------+--------+--------+-----+--------+
         Total |    136 |    136 |      0 |      0 |     85 |   2 |   68.0 |
       Dungeon |    136 |    136 |      0 |      0 |     85 |   2 |   68.0 |
               +--------+--------+--------+--------+--------+-----+--------+

Top non-repeatable levels by time:
     D:1: 81 daAuts
     D:2: 54 daAuts
